 Dungeon Crawl Stone Soup version 0.31.0-11-ge490571c62 (webtiles) character file.

Game seed: 6400358558061023315

27 qw the Shooter (level 2, -4/14 HPs)
             Began as a Spriggan Hunter on Feb 4, 2024.
             Slain by Terence
             ... wielding a +5 flail of holy wrath
              (7 damage)
             ... on level 2 of the Dungeon.
             The game lasted 00:00:04 (918 turns).

qw the Shooter (Spriggan Hunter)                     Turns: 918, Time: 00:00:04

Health: -4/14      AC:  2    Str:  7    XL:     2   Next: 93%
Magic:  3/3        EV: 19    Int: 10    God:
Gold:   66         SH:  0    Dex: 18    Spells: 1/1 levels left

rFire   . . .        a - +0 shortbow
rCold   . . .        (shield currently unavailable)
rNeg    . . .        c - +0 robe
rPois   .            (helmet restricted)
rElec   .            (no cloak)
rCorr   .            (gloves unavailable)
SInv    +            (boots unavailable)
Will    .....        (no amulet)
Stlth   ++           (no ring)
HPRegen 0.22/turn    (no ring)
MPRegen 0.08/turn

%: no passive effects
@: about to teleport, very quick
A: very small, no large weapons, unfitting armour, see invisible, speed 3
a: no special abilities


You were on level 2 of the Dungeon.
You visited 1 branch of the dungeon, and saw 2 of its levels.

You collected 66 gold pieces.


Innate Abilities, Weirdness & Mutations

You are very small and have problems with some larger weapons.
You are too small for most types of armour.
You have supernaturally acute eyesight. (SInv)
You cover ground extremely quickly. (Speed+++)


   Skills:
 - Level 1.5 Fighting
 + Level 4.4 Ranged Weapons
 - Level 4.0 Dodging
 - Level 1.5 Stealth


You had one spell level left.
You didn't know any spells.
Your spell library was empty.

Inventory:

Hand Weapons
 a - a +0 shortbow (weapon)
Armour
 c - a +0 robe (worn)
Scrolls
 f - a scroll of teleportation
Potions
 e - a potion of cancellation {unknown}
 h - a potion of curing {unknown}
 i - a potion of resistance {unknown}

Dungeon Overview and Level Annotations

Branches:
Dungeon (2/15)

Altars:

Annotations:
D:2 Terence


Message History

You shoot an arrow. The arrow misses the goblin.
The goblin closely misses you.
You shoot an arrow. The arrow hits the goblin.
You kill the goblin!
You start resting.
HP restored.
Things that are here:
a +0 club; a goblin corpse; a jackal corpse You see here a jackal corpse.
You now have 22 gold pieces (gained 8).
You now have 35 gold pieces (gained 13).
You see here a giant cockroach corpse.
You now have 43 gold pieces (gained 8).
You see here a +0 dagger.
You now have 58 gold pieces (gained 15).
You now have 66 gold pieces (gained 8).
Terence the Incautious comes into view.
He is wielding a +5 flail of holy wrath.
Enter note:
Enter note: You shoot an arrow.
The arrow hits Terence but does no damage.
Terence shouts!
You hear a shout!
You shoot an arrow.
The arrow hits Terence but does no damage.
You shoot an arrow. The arrow closely misses Terence.
You shoot an arrow. The arrow barely misses Terence.
You shoot an arrow. The arrow hits Terence.
Terence is moderately wounded.
You shoot an arrow. The arrow barely misses Terence.
Terence hits you with a +5 flail of holy wrath!
Ouch! That really hurt!
Terence barely misses you.
918 ||| READING 2 scrolls of teleportation.
As you read the scroll of teleportation, it crumbles to dust.
You feel strangely unstable.
Terence hits you with a +5 flail of holy wrath!
Ouch! That really hurt!
You die...
Terence says, "That felt goooood."

..##........####.#
....
......%........#.#...
...
.....%..............
[...................
....................
.)......).........#
.###..............#
................@.#
###..##........@.#
##.##.........##
..............##
##..#..........#
....#..........#
###............#
###..........#
#..........#
##...........


You could see Terence.

Vanquished Creatures
  3 endoplasms (D:1)
  A giant cockroach (D:2)
  3 goblins
  A hobgoblin (D:2)
  3 jackals (D:2)
  A kobold (D:2)
  2 quokkas
  3 bats
  3 frilled lizards (D:1)
  4 rats
24 creatures vanquished.

Notes
Turn   | Place    | Note
-------+----------+-------------------------------------------
     0 | D:1      | qw the Spriggan Hunter began the quest for the Orb.
     0 | D:1      | Reached XP level 1. HP: 10/10 MP: 2/2
     0 | D:1      | 0 ||| qw: Version: 0.3-a-160-g6735b56
     0 | D:1      | 0 ||| qw: Game counter: 5474
     0 | D:1      | 0 ||| qw: Melee chars always use a shield: true
     0 | D:1      | 0 ||| qw: God list: Okawaru
     0 | D:1      | 0 ||| qw: Allow faded altars: false
     0 | D:1      | 0 ||| qw: Do Orc after clearing Dungeon:15 true
     0 | D:1      | 0 ||| qw: Do second Lair branch before Depths: true
     0 | D:1      | 0 ||| qw: Lair rune preference: random
     0 | D:1      | 0 ||| qw: Goals: Normal
     0 | D:1      | 0 ||| PLANNING D:1-11
   102 | D:1      | Reached skill level 3 in Dodging
   271 | D:1      | Reached XP level 2. HP: 14/14 MP: 3/3
   671 | D:1      | 671 ||| READING scroll labelled BILIW MUJO.
   672 | D:1      | 672 ||| READING 3 scrolls labelled DONAN NEWOSUTO.
   677 | D:1      | 677 ||| READING scroll labelled KELANOWENGEH.
   778 | D:1      | 778 ||| DROPPING scroll of butterflies.
   849 | D:2      | 849 ||| RETREEEEATING.
   850 | D:2      | 850 ||| RETREEEEATING.
   852 | D:2      | 852 ||| RETREEEEATING.
   853 | D:2      | 853 ||| RETREEEEATING.
   854 | D:2      | 854 ||| RETREEEEATING.
   856 | D:2      | 856 ||| RETREEEEATING.
   857 | D:2      | 857 ||| RETREEEEATING.
   858 | D:2      | 858 ||| RETREEEEATING.
   859 | D:2      | 859 ||| RETREEEEATING.
   860 | D:2      | 860 ||| RETREEEEATING.
   911 | D:2      | Noticed Terence
   917 | D:2      | HP: 2/14 [Terence/+5 flail of holy wrath (12)]
   918 | D:2      | 918 ||| READING 2 scrolls of teleportation.
   918 | D:2      | Slain by Terence

Levels and vault maps discovered:
D:1:      matt_arrival_grand_opening, layout_basic,
          corexii_item_surrounded_by_moat
D:2:      layout_rooms, uniq_jessica, uniq_sigmund, uniq_terence

Skill      XL: |  1  2 |
---------------+-------+-----
Dodging        | 3 4 |  4.0
Fighting       | |  1.5
Ranged Weapons | |  4.4
Stealth        | |  1.5

Action                     || total
---------------------------++-------
   Fire: Shortbow          ||    68
    Use: Scroll            ||     4
 Armour: Robe              ||     8
  Dodge: Dodged            ||    23

Table legend:
 A = Non-vault XP
 B = Vault XP
 C = Vault XP percentage of total XP
 D = Non-vault monster count
 E = Vault monster count
 F = Vault count percentage of total count
                 A         B        C        D         E       F
            +---------+---------+-------+---------+---------+-------
      Total |      39 |       0 |   0.0 |      24 |       0 |   0.0
            +---------+---------+-------+---------+---------+-------
        D:1 |      17 |       0 |   0.0 |      12 |       0 |   0.0
        D:2 |      22 |       0 |   0.0 |      12 |       0 |   0.0
            +---------+---------+-------+---------+---------+-------
